 Dungeon Crawl Stone Soup version 0.31-a0-881-ge136f0c47a (webtiles) character file.

Game seed: 2090514498169151311

3084 croobank the Covert (level 9, -7/63 HPs)
             Began as an Octopode Delver on Oct 15, 2023.
             Was a Priest of Fedhas.
             Mangled by a wyvern (19 damage)
             ... on level 8 of the Dungeon.
             The game lasted 00:17:05 (8358 turns).

croobank the Covert (Octopode Delver)               Turns: 8358, Time: 00:17:05

Health: -7/63      AC:  1    Str: 11 (12) XL:     9   Next: 89%
Magic:  12/12      EV: 14    Int: 15 (16) God:    Fedhas [***...]
Gold:   306        SH:  0    Dex: 10 (13) Spells: 10/12 levels left

rFire   + . .        j - +2 dagger (flame)
rCold   + . .        (no shield)
rNeg    . . .        (helmet restricted)
rPois   .            (no amulet)
rElec   .            m - ring of protection from cold
rCorr   .            i - ring of protection from cold
SInv    .            C - ring of fire
Will    .....        (no ring)
Stlth   +++++        (no ring)
HPRegen 0.30/turn    (no ring)
MPRegen 0.13/turn    (no ring)
                     (no ring)

%: no passive effects
@: lethally poisoned (-7 -> -14)
A: almost no armour, amphibious, 8 rings, camouflage 1, gelatinous body 1,
(nimble swimmer 1), tentacles
a: Renounce Religion, Wall of Briars, Grow Ballistomycete


You were on level 8 of the Dungeon.
You worshipped Fedhas.
Fedhas was most pleased with you.
You visited 1 branch of the dungeon, and saw 8 of its levels.

You collected 306 gold pieces.

Inventory:

Hand Weapons
 a - a +0 short sword
 g - a +0 orcbow
 j - a +2 dagger of flaming (weapon)
 l - a +0 falchion
 n - a +2 flail of venom
 o - a +2 whip of pain
Missiles
 t - 3 poisoned darts (quivered)
Jewellery
 i - a ring of protection from cold (right tentacle)
 m - a ring of protection from cold (left tentacle)
 y - an amulet of faith
 C - a ring of fire (on tentacle)
Talismans
 k - a blade talisman
 u - a flux talisman
Wands
 f - a wand of digging (10)
 z - a wand of flame (17)
Scrolls
 b - a scroll of fog
 d - a scroll of amnesia
 e - a scroll of revelation
 p - 2 scrolls of identify
 v - 3 scrolls of fear
 w - 2 scrolls of torment {unknown}
 x - a scroll of teleportation
Potions
 c - 3 potions of enlightenment
 B - a potion of magic {unknown}


   Skills:
 + Level 6.8 Fighting
 + Level 6.2 Short Blades
 + Level 6.2 Dodging
 + Level 10.7 Stealth
 + Level 2.4 Spellcasting
 * Level 2.0 Translocations
 * Level 2.0 Transmutations
 * Level 4.4 Invocations


You had 10 spell levels left.
You knew the following spells:

 Your Spells              Type           Power      Damage    Failure   Level
a - Blink                 Tloc           14%        N/A       14%         2

Your spell library contained the following spells:

 Spells                   Type           Power      Damage    Failure   Level
 Lesser Beckoning         Tloc           14%        N/A       14%         2
 Wereblood                Tmut           7%         N/A       14%         2
 Momentum Strike          Conj/Tloc      8%         3d8       22%         2
 Passwall                 Tmut/Erth      3%         N/A       22%         2
 Ensorcelled Hibernation  Hex/Ice        2%         N/A       32%         2
 Sublimation of Blood     Necr           1%         N/A       32%         2
 Frozen Ramparts          Ice            2%         1d1       54%         3
 Ozocubu's Armour         Ice            1%         N/A       54%         3
 Swiftness                Air            1%         N/A       54%         3
 Passage of Golubria      Tloc           7%         N/A       67%         4
 Flame Wave               Conj/Fire      2%         2d4       91%         4
 Silence                  Hex/Air        0%         N/A       99%         5
 Ozocubu's Refrigeration  Ice            0%         4d7       100%        7
 Summon Hydra             Summ           0%         N/A       100%        7
 Lehudib's Crystal Spear  Conj/Erth      0%         10d2      100%        8
 Fire Storm               Conj/Fire      1%         7d1       100%        9


Dungeon Overview and Level Annotations

Branches:
Dungeon (8/15)             Temple (0/1) D:6
   Lair: D:8-11

Altars:
Ashenzari
Fedhas
Gozag
Nemelex Xobeh
Ru
Uskayaw
Vehumet
Xom
The Shining One


Innate Abilities, Weirdness & Mutations

You cannot wear most types of armour.
You are amphibious.
You can wear up to eight rings at the same time.
Your skin changes colour to match your surroundings (Stealth+).
Your rubbery body absorbs attacks. (AC +1, EV +1)
((You are camouflaged when in or above water. (Stealth+)))
You have tentacles for arms and can constrict up to eight enemies at once.


Message History

Your butterfly dies!
Your butterfly disappears in a burst of colours!
The water moccasin closely misses your butterfly.
The water moccasin bites you.
You see here a wand of digging (7).
f - a wand of digging (10) (gained 7 charges)
The water moccasin misses you.
You barely miss the water moccasin. Your grab misses the water moccasin.
The water moccasin barely misses you.
You hit the water moccasin. You burn the water moccasin.
Your grab misses the water moccasin. You squeeze the water moccasin.
The water moccasin is moderately wounded.
The water moccasin closely misses you.
As you read the scroll of teleportation, it crumbles to dust.
You feel strangely unstable. The water moccasin closely misses you.
You closely miss the water moccasin. Your grab misses the water moccasin.
The water moccasin is moderately wounded.
The water moccasin bites you.
You miss the water moccasin. Your grab misses the water moccasin.
Your squeeze misses the water moccasin.
The water moccasin is moderately wounded.
The water moccasin bites you.
* * * LOW HITPOINT WARNING * * *
You miss the water moccasin. Your grab misses the water moccasin.
The water moccasin is moderately wounded.
The water moccasin bites you!
* * * LOW HITPOINT WARNING * * *
You feel better. The water moccasin bites you.
* * * LOW HITPOINT WARNING * * *
You are poisoned.
The water moccasin poisons you! The water moccasin closely misses you.
The orc misses your butterfly.
It was a potion of degeneration.
There was something very wrong with that liquid.
You feel weakened.
You feel dopey.
You feel clumsy.
Your surroundings seem slightly different.
You feel very sick. The wyvern bites you!!
You die...
Fedhas appreciates your contribution to the ecosystem.

#.#...o))...o.#$....o.
#..#.#.#.#.#.#........
........b....o.#######
..#.#.#.#.#.#l#.# .
.....b..bob..##
#.#.#.#.#.#.#
.....obob..##
..#.#.#b#o#.#
#....b@...##
#.#.#.#l#S#
........ยง##
##########


You could see a water moccasin (ally target), a wyvern and 4 orcs.

Vanquished Creatures
  Pikel (D:5)
  Grinder (D:4)
  A steam dragon (D:8)
  2 ice beasts
  A sky beast (D:5)
  3 ogres (D:5)
  A centaur (D:6)
  A lemure (D:5)
  6 bullfrogs
  3 scorpions
  2 howler monkeys (D:7)
  A quasit (D:5)
  A gnoll bouda (D:5)
  6 orc priests
  4 hounds
  An iguana (D:6)
  5 orc wizards
  4 gnolls (D:5)
  11 adders
  A shadow imp (D:7)
  5 worms
  5 dart slugs
  16 orcs
  4 endoplasms
  5 giant cockroaches
  A goblin (D:3)
  4 hobgoblins
  5 quokkas
  9 ball pythons
  3 bats
  5 frilled lizards
  A goblin skeleton (D:5)
  A goblin zombie (D:5)
  5 hobgoblin zombies (D:5)
  7 kobolds
  An orc skeleton (D:5)
  An orc zombie (D:5)
  5 rats
139 creatures vanquished.

Vanquished Creatures (collateral kills)
  2 ice beasts (D:5)
  An ogre (D:7)
  A gnoll (D:5)
4 creatures vanquished.

Vanquished Creatures (others)
  A centaur (D:6)
  An adder (D:6)
  A rat (D:3)
3 creatures vanquished.

Grand Total: 146 creatures vanquished

Notes
Turn   | Place    | Note
-------+----------+-------------------------------------------
     0 | D:5      | croobank the Octopode Delver began the quest for the Orb.
     0 | D:5      | Reached XP level 1. HP: 16/16 MP: 1/1
     2 | D:5      | Found a shimmering altar of Xom.
     7 | D:5      | Became a worshipper of Fedhas Madash
    34 | D:6      | Found a staircase to the Ecumenical Temple.
    36 | D:6      | Noticed a centaur
    38 | D:6      | Reached XP level 2. HP: 21/21 MP: 2/2
    43 | D:6      | Killed a centaur
    44 | D:6      | Reached skill level 7 in Stealth
    44 | D:6      | Reached XP level 3. HP: 20/26 MP: 3/3
    44 | D:6      | Reached XP level 4. HP: 25/32 MP: 4/4
   115 | D:6      | Noticed a sky beast
   139 | D:6      | Noticed a bullfrog
   150 | D:6      | Noticed a bullfrog
   154 | D:6      | Noticed a centaur
   159 | D:6      | Killed a bullfrog
   160 | D:6      | Reached XP level 5. HP: 25/37 MP: 5/5
   174 | D:6      | Killed a centaur
   504 | D:3      | Found a broken altar of Ashenzari.
   517 | D:3      | Found a hide-covered altar of Uskayaw.
   670 | D:2      | Reached XP level 6. HP: 42/43 MP: 6/6
   692 | D:1      | Found a faded altar of an unknown god.
   831 | D:1      | Reached * piety under Fedhas
  1861 | D:3      | Reached skill level 8 in Stealth
  2177 | D:3      | Found a radiant altar of Vehumet.
  2278 | D:3      | Reached ** piety under Fedhas
  3469 | D:4      | Reached XP level 7. HP: 40/49 MP: 7/7
  4477 | D:4      | Found a sacrificial altar of Ru.
  4477 | D:4      | Noticed Grinder
  4483 | D:4      | Killed Grinder
  4484 | D:4      | Reached skill level 5 in Fighting
  4628 | D:5      | Noticed Pikel
  4643 | D:5      | Killed Pikel
  4644 | D:5      | Reached skill level 5 in Short Blades
  4644 | D:5      | Reached skill level 5 in Dodging
  4644 | D:5      | Reached skill level 9 in Stealth
  4644 | D:5      | Reached XP level 8. HP: 24/57 MP: 8/8
  5166 | D:5      | Found a glowing golden altar of the Shining One.
  5223 | D:5      | Reached skill level 1 in Invocations
  5230 | D:5      | Reached skill level 10 in Stealth
  5510 | D:5      | Reached skill level 1 in Spellcasting
  5571 | D:5      | Reached XP level 9. HP: 62/62 MP: 10/10
  5669 | D:5      | Reached *** piety under Fedhas
  6310 | D:6      | Found an opulent altar of Gozag.
  6328 | D:6      | Got a yellowed book
  6732 | D:7      | Got a rare book
  6736 | D:7      | Learned a level 2 spell: Blink
  7128 | D:7      | Reached skill level 1 in Translocations
  7128 | D:7      | Reached skill level 1 in Transmutations
  8358 | D:8      | Mangled by a wyvern

Illustrated notes

Levels and vault maps discovered:
D:1:      dpeg_arrival_round_c, layout_rooms,
          shapermc_ecumenical_altar_totnotflames
D:2:      layout_loops_ring
D:3:      layout_loops_corners, fiery_altar_vehumet,
          mainiacjoe_overflow_catch_the_wave, serial_co_window_serial,
          co_window_of_opportunity_a, co_window_of_opportunity_a,
          co_window_paths_b, co_window_corner_a, co_window_paths_a,
          co_window_unsneaky_path_e, co_window_corner_b, co_window_2corner,
          co_window_4corner_b, co_window_paths_d, glass_columns_a,
          glass_columns_b, glass_columns_b
D:4:      layout_loops_ring, nicolae_ru_the_path_less_chosen,
          serial_co_window_serial, co_window_of_opportunity_a,
          co_window_paths_b, co_window_paths_a, co_window_paths_a,
          co_window_paths_a, co_window_cross_4, co_window_broadway_c,
          co_window_corner_b, co_window_paths_c, co_window_of_opportunity_b,
          co_window_2corner, co_window_4corner_b, uniq_grinder
D:5:      layout_loops_ring, nicolae_overflow_hidden_temple,
          nicolae_tso_besieged_by_evil, enter_ossuary_2, gup_sewer_entry_pipe,
          chequers_serial_rivers_micro_a, uniq_pikel
D:6:      layout_loops_ring, amcnicky_altar_gilded, minmay_temple_entry_arrows
D:7:      layout_layer_cave
D:8:      layout_rooms, makhleb_grotto_becter, minmay_lair_entry_grove,
          hex_medium

Skill      XL: |  1  2  3  4  5  6  7  8  9 |
---------------+----------------------------+-----
Stealth        | 7 8 9 10 | 10.7
Short Blades   | 3 5 6 |  6.2
Dodging        | 3 5 6 |  6.2
Fighting       | 4 5 6 |  6.8
Invocations    | 2 4 |  4.4
Spellcasting   | 1 2 |  2.4
Translocations | 2 |  2.0
Transmutations | 2 |  2.0

Action                     |  1- 3 |  4- 6 |  7- 9 || total
---------------------------+-------+-------+-------++-------
  Melee: Short sword       |     5 |     8 |       ||    13
         Tentacles         |     1 |    21 |    57 ||    79
         Constrict         |       |    22 |    34 ||    56
         Dagger            |       |   116 |   244 ||   360
         Punch             |       |     3 |     8 ||    11
  Throw: Dart              |       |       |     3 ||     3
 Invoke: Wall of Briars    |       |       |     4 ||     4
    Use: Scroll            |       |     5 |    14 ||    19
         Potion            |       |       |     8 ||     8
   Stab: Sleeping          |     2 |    29 |    22 ||    53
         Distracted        |       |       |     1 ||     1
 Armour: Skin              |     3 |    38 |   107 ||   148
  Dodge: Dodged            |     5 |    54 |   144 ||   203

Table legend: (Time is in decaauts)
 A = Elapsed time spent in this place.
 B = Non-inter-level travel time spent in this place.
 C = Inter-level travel time spent in this place.
 D = Time resting spent in this place.
 E = Time spent auto-exploring this place.
 F = Levels seen in this place.
 G = Mean time per level.
                   A        B        C        D        E       F      G
               +--------+--------+--------+--------+--------+-----+--------+
         Total |   8259 |   7901 |    358 |   1419 |   5192 |   8 | 1032.4 |
       Dungeon |   8259 |   7901 |    358 |   1419 |   5192 |   8 | 1032.4 |
               +--------+--------+--------+--------+--------+-----+--------+

Top non-repeatable levels by time:
     D:4: 1801 daAuts
     D:7: 1434 daAuts
     D:5: 1427 daAuts
     D:3: 1366 daAuts
     D:2: 778 daAuts
     D:6: 763 daAuts
     D:1: 483 daAuts
     D:8: 203 daAuts
